 Dungeon Crawl Stone Soup version 0.30.0-29-ga12c61a403 (webtiles) character file.

Game seed: 8563316559906248144

294 belegose the Vexing (level 6, -10/47 HPs)
             Began as a Gnoll Hexslinger on June 10, 2023.
             Was a Follower of Uskayaw.
             Mangled by a gnoll
             ... wielding a +4 scythe
              (12 damage)
             ... on level 5 of the Dungeon.
             The game lasted 00:11:42 (3958 turns).

belegose the Vexing (Gnoll Hexslinger)              Turns: 3958, Time: 00:11:43

Health: -10/47     AC:  4    Str:  9    XL:     6   Next: 33%
Magic:  9/11       EV: 13    Int: 14    God:    Uskayaw [*.....]
Gold:   166        SH:  0    Dex: 13    Spells: 10/11 levels left

rFire   . . .        a - +1 sling
rCold   . . .        (no shield)
rNeg    . . .        c - +0 robe
rPois   .            (no helmet)
rElec   .            l - +0 cloak
rCorr   .            (no gloves)
SInv    .            i - +0 pair of boots
Will    .....        (no amulet)
Stlth   ++           (no ring)
HPRegen 0.27/turn    (no ring)
MPRegen 0.12/turn

%: no passive effects
@: brilliant
A: fangs 1, strong nose, distributed training
a: Renounce Religion, Stomp


You were on level 5 of the Dungeon.
You worshipped Uskayaw.
Uskayaw was noncommittal.
You visited 2 branches of the dungeon, and saw 6 of its levels.

You collected 166 gold pieces.

Inventory:

Hand Weapons
 a - a +1 sling (weapon)
 b - a +0 mace
Missiles
 n - 3 curare-tipped darts
 o - 6 poisoned darts
Armour
 c - a +0 robe (worn)
 i - a +0 pair of boots (worn)
 l - a +0 cloak (worn)
Scrolls
 e - 2 scrolls of poison
 h - a scroll of fog {unknown}
 j - 3 scrolls of identify {unknown}
 k - a scroll of magic mapping {unknown}
 m - 2 scrolls of teleportation {unknown}
 q - a scroll of noise {unknown}
 r - a scroll of enchant armour {unknown}
Potions
 p - a potion of mutation {unknown}


   Skills:
 + Level 3.2 Fighting
 + Level 2.0 Short Blades
 + Level 2.0 Long Blades
 + Level 2.0 Axes
 + Level 2.0 Maces & Flails
 + Level 2.0 Polearms
 + Level 2.0 Staves
 + Level 5.0 Ranged Weapons
 + Level 2.0 Throwing
 + Level 2.0 Armour
 + Level 5.0 Dodging
 + Level 2.0 Stealth
 + Level 2.0 Shields
 + Level 2.0 Unarmed Combat
 + Level 3.4 Spellcasting
 + Level 1.5 Conjurations
 + Level 5.6 Hexes
 + Level 1.5 Summonings
 + Level 1.5 Necromancy
 + Level 1.5 Translocations
 + Level 1.5 Transmutations
 + Level 1.5 Fire Magic
 + Level 1.5 Ice Magic
 + Level 1.5 Air Magic
 + Level 1.5 Earth Magic
 + Level 1.5 Poison Magic
 + Level 2.2 Invocations
 + Level 2.0 Evocations


You had 10 spell levels left.
You knew the following spells:

 Your Spells              Type           Power      Damage    Failure   Level
a - Slow                  Hex            100%       N/A       1%          1

Your spell library contained the following spells:

 Spells                   Type           Power      Damage    Failure   Level
 Inner Flame              Hex/Fire       18%        N/A       14%         3
 Portal Projectile        Hex/Tloc       36%        N/A       14%         3
 Cause Fear               Hex            13%        N/A       21%         4


Dungeon Overview and Level Annotations

Branches:
Dungeon (5/15)             Temple (1/1) D:4

Altars:
Ashenzari
Dithmenos
Elyvilon
Fedhas
Gozag
Hepliaklqana
Kikubaaqudgha
Makhleb
Nemelex Xobeh
Okawaru
Qazlal
Ru
Trog
Uskayaw
Vehumet
Xom
Yredelemnul
Zin

Annotations:
D:4 exclusions: scorpion and water moccasin


Innate Abilities, Weirdness & Mutations

You have very sharp teeth.
Your uncanny sense of smell can sniff out nearby items.
Your experience applies equally to all skills.


Message History

You shoot a sling bullet.
The sling bullet hits the iguana but does no damage.
The iguana is heavily wounded.
The gnoll hits you from afar with a +4 scythe!
The gnoll completely misses you.
The iguana bites you but does no damage.
You shoot a sling bullet. The sling bullet hits the iguana.
The iguana is severely wounded.
The gnoll barely misses you. The gnoll hits you with a +0 scythe!
The iguana misses you.
You are too injured to fight recklessly!
You are too injured to fight recklessly!
Fire: a) +1 sling
Press: ? - help, Q - select action, (/) - cycle Shift-Dir - straight line, f/p - iguana
Aim: an iguana (almost dead, very poisoned, slow, 63% to hit)
You shoot a sling bullet. The sling bullet hits the iguana.
You kill the iguana!
The gnoll hits you but does no damage. The gnoll barely misses you.
The gnoll hits you from afar with a +4 scythe!
* * * LOW HITPOINT WARNING * * *
The gnoll hits you with a +0 scythe!
* * * LOW HITPOINT WARNING * * *
You can now stomp with the beat.
Your Short Blades skill increases to level 2!
Your Long Blades skill increases to level 2!
Your Axes skill increases to level 2!
Your Maces & Flails skill increases to level 2!
Your Polearms skill increases to level 2!
Your Staves skill increases to level 2!
Your Throwing skill increases to level 2!
Your Armour skill increases to level 2!
Your Stealth skill increases to level 2!
Your Shields skill increases to level 2!
Your Unarmed Combat skill increases to level 2!
Your Evocations skill increases to level 2!
Unknown command.
It was a potion of brilliance.
You feel clever all of a sudden.
The gnoll hits you from afar with a +4 scythe!
You die...

#.#g#.# #.... ##.#g#.######.#.# #
#..g.#..g.g.g.#.# #### .#
#..g.########.#.# #..#..#
##'##.........#.###.#..#..#
######...###.............#.....#.
.....#...#.....#####.######.#..!.
#.########.....#.gg#..g.gg.......
#.#...#.#......#@#.########.#)..#
#.#.#.#.#......#(#g# #...# .[
#.#..<.........#(#.# #.#.#
#.###.#.#.###..#.#g# #g#..#
#.#.#.#.#......(.#g# #.###..
#.#...#'#####..#.#.# #g# .§≈
#.####...# #..#.#.# #.# .§≈
#........# ###.######.### ≈§
######...# #..(g.g....# ≈§


You could see 2 gnolls.

Vanquished Creatures
  A phantom (D:4)
  A scorpion (D:4)
  A jelly (D:3)
  An iguana (D:5)
  4 adders
  A worm (D:3)
  A dart slug (D:1)
  4 orcs
  7 ball pythons
  2 endoplasms (D:3)
  4 giant cockroaches
  8 hobgoblins
  9 kobolds
  2 quokkas
  7 bats
  4 frilled lizards
  4 goblins
  6 rats
67 creatures vanquished.

Notes
Turn   | Place    | Note
-------+----------+-------------------------------------------
     0 | D:1      | belegose the Gnoll Hexslinger began the quest for the Orb.
     0 | D:1      | Reached XP level 1. HP: 17/17 MP: 4/4
    70 | D:1      | Reached XP level 2. HP: 23/23 MP: 5/5
  1020 | D:2      | Reached XP level 3. HP: 28/28 MP: 7/7
  1627 | D:3      | Reached skill level 1 in Invocations
  1730 | D:3      | Reached skill level 1 in Short Blades
  1730 | D:3      | Reached skill level 1 in Long Blades
  1730 | D:3      | Reached skill level 1 in Axes
  1730 | D:3      | Reached skill level 1 in Maces & Flails
  1730 | D:3      | Reached skill level 1 in Polearms
  1730 | D:3      | Reached skill level 1 in Staves
  1730 | D:3      | Reached skill level 1 in Throwing
  1730 | D:3      | Reached skill level 1 in Armour
  1730 | D:3      | Reached skill level 1 in Stealth
  1730 | D:3      | Reached skill level 1 in Shields
  1730 | D:3      | Reached skill level 1 in Unarmed Combat
  1730 | D:3      | Reached skill level 1 in Evocations
  1876 | D:3      | Found an iron altar of Okawaru.
  1892 | D:3      | Reached XP level 4. HP: 34/34 MP: 8/8
  2189 | D:3      | Reached skill level 1 in Conjurations
  2189 | D:3      | Reached skill level 1 in Summonings
  2189 | D:3      | Reached skill level 1 in Necromancy
  2189 | D:3      | Reached skill level 1 in Translocations
  2189 | D:3      | Reached skill level 1 in Transmutations
  2189 | D:3      | Reached skill level 1 in Fire Magic
  2189 | D:3      | Reached skill level 1 in Ice Magic
  2189 | D:3      | Reached skill level 1 in Air Magic
  2189 | D:3      | Reached skill level 1 in Earth Magic
  2189 | D:3      | Reached skill level 1 in Poison Magic
  2371 | D:4      | Noticed a water moccasin
  2378 | D:4      | Noticed a scorpion
  2393 | D:4      | Found a staircase to the Ecumenical Temple.
  2402 | Temple   | Entered the Ecumenical Temple
  2583 | Temple   | Became a worshipper of Uskayaw the Reveller
  2657 | D:4      | Reached * piety under Uskayaw
  2661 | D:4      | Reached XP level 5. HP: 38/40 MP: 6/9
  2996 | D:4      | Noticed a phantom
  3009 | D:4      | Killed a phantom
  3110 | D:4      | Found a shadowy altar of Dithmenos.
  3398 | D:4      | Reached XP level 6. HP: 47/47 MP: 9/11
  3423 | D:4      | Reached skill level 5 in Ranged Weapons
  3423 | D:4      | Reached skill level 5 in Dodging
  3713 | D:5      | Entered Level 5 of the Dungeon
  3755 | D:5      | Noticed a black bear
  3755 | D:5      | Noticed an ice beast
  3957 | D:5      | HP: 2/47 [gnoll/+0 scythe (12)]
  3958 | D:5      | Mangled by a gnoll

Illustrated notes

Levels and vault maps discovered:
D:1:      nzn_arrival_crosshair, layout_loops_ring,
          amcnicky_mini_corridor_feature, kennysheep_small_spiral
D:2:      layout_loops_ring
D:3:      minmay_chambers_of_threes, layout_rooms,
          mainiacjoe_overflow_boulevard, kennysheep_cross_room,
          minmay_misc_feat_x, minmay_misc_feat_chi
D:4:      layout_basic, nicolae_dithmenos_the_darkroom,
          minmay_temple_entry_poolview, hangedman_decor_peaks_small,
          chequers_serial_rivers_micro_c
D:5:      layout_basic, mainiacjoe_overflow_paths, enter_ossuary_4,
          hangedman_glass_teeth, st_stairs_3, corexii_corridor_pit,
          hangedman_decor_clover_reticule, sigmund_army
Temple:   eino_temple_scatter_basement

Skill      XL: |  1  2  3  4  5  6 |
---------------+-------------------+-----
Invocations    | 1 2 |  2.2
Short Blades   | 1 2 |  2.0
Long Blades    | 1 2 |  2.0
Axes           | 1 2 |  2.0
Maces & Flails | 1 2 |  2.0
Polearms       | 1 2 |  2.0
Staves         | 1 2 |  2.0
Throwing       | 1 2 |  2.0
Armour         | 1 2 |  2.0
Stealth        | 1 2 |  2.0
Shields        | 1 2 |  2.0
Unarmed Combat | 1 2 |  2.0
Evocations     | 1 2 |  2.0
Spellcasting   | 3 |  3.4
Conjurations   | 1 |  1.5
Summonings     | 1 |  1.5
Necromancy     | 1 |  1.5
Translocations | 1 |  1.5
Transmutations | 1 |  1.5
Fire Magic     | 1 |  1.5
Ice Magic      | 1 |  1.5
Air Magic      | 1 |  1.5
Earth Magic    | 1 |  1.5
Poison Magic   | 1 |  1.5
Fighting       | 3 |  3.2
Ranged Weapons | 5 |  5.0
Dodging        | 5 |  5.0
Hexes          | |  5.6

Action                     |  1- 3 |  4- 6 || total
---------------------------+-------+-------++-------
  Melee: Mace              |     2 |       ||     2
         Punch             |     1 |       ||     1
   Fire: Sling             |   170 |    82 ||   252
  Throw: Dart              |       |     5 ||     5
   Cast: Slow              |     3 |    22 ||    25
 Invoke: Stomp             |       |     4 ||     4
    Use: Potion            |       |     3 ||     3
 Armour: Robe              |    20 |    17 ||    37
  Dodge: Dodged            |    55 |    55 ||   110
